Map: Ley Lines

Players

ArtOfProtoss - Winner!

  • Race: Protoss Protoss
  • Spawn Location: 1:00

wootwoot

  • Race: Terran Terran
  • League: Diamond
  • Spawn Location: 7:00

VOD

Have the link to the VOD?

Description

Time

  • Played on: April 22, 2025, 9:35 a.m.
  • Length: 5:37
Show
View Real Time Build Order
Export as new Build Order

ArtOfProtoss Protoss - Winner!

Build Orders: 1 Gate Expand, Blink Stalkers 

Get SALT Encoding   

  12  0:00  Probe  
  13  0:12  Probe  
  14  0:18  Pylon  
  14  0:24  Probe  
  15  0:30  Assimilator  
  15  0:32  Probe  
  15  0:41  Gateway, Probe  
  17  0:52  Probe  
  18  1:04  Probe  
  19  1:16  Probe  
  20  1:23  Nexus  
  20  1:30  Cybernetics Core  
  20  1:36  Assimilator  
  20  1:37  Probe  
  21  1:48  Pylon  
  23  1:55  Stalker  
  23  1:56  Probe  
  22  2:07  Warp Gate  
  22  2:08  Probe  
  25  2:20  Probe  
  25  2:22  Stalker  
  26  2:23  Twilight Council  
  28  2:32  Probe  
  28  2:35  Probe  
  30  2:44  Probe  
  30  2:46  Blink  
  30  2:47  Probe  
  30  2:48  Shield Battery  
  32  2:54  Pylon  
  32  2:56  Probe  
  33  2:59  Probe  
  33  3:01  Stalker  
  36  3:27  Pylon  
  36  3:28  Stalker  
  36  3:30  Pylon  
  38  3:40  Probe x2  
  39  3:55  Stalker  
  33  4:15  Gateway  
  33  4:16  Gateway  
  33  4:31  Gateway  
  33  4:32  Gateway  
  33  4:35  Probe x2  
  33  4:37  Stalker  
  31  4:55  Shield Battery  
  31  4:57  Shield Battery  
  31  4:58  Pylon  
  30  5:00  Stalker  
  30  5:03  Stalker  
  28  5:10  Stalker x2  
  26  5:26  Stalker x4  
Show
View Real Time Build Order
Export as new Build Order

wootwoot Terran 

Build Orders:  

Get SALT Encoding   

  12  0:00  SCV  
  13  0:13  SCV  
  14  0:25  SCV  
  15  0:28  Supply Depot  
  15  0:31  Refinery  
  15  0:51  Barracks  
  15  0:58  Barracks  
  15  1:15  Barracks  
  15  1:22  Refinery  
  15  1:38  Reaper  
  16  1:47  Reaper  
  17  2:02  Reaper  
  17  2:04  Orbital Command  
  18  2:11  Reaper  
  19  2:19  Reaper  
  20  2:31  Supply Depot  
  20  2:37  Reaper  
  20  2:46  Reaper  
  20  2:51  Reaper  
  21  3:04  SCV  
  22  3:10  Reaper  
  23  3:16  SCV  
  23  3:18  Reaper  
  26  3:28  SCV  
  26  3:40  SCV  
  27  3:42  Barracks Tech Lab x2  
  26  3:50  Reaper  
  26  3:52  SCV  
  25  4:04  Concussive Shells, Marauder x2, SCV  
  29  4:16  SCV  
  29  4:22  Reaper  
  30  4:28  SCV  
  31  4:58  Supply Depot  
  31  4:59  SCV, Marauder x2  
  36  5:11  SCV  
  40  5:23  SCV  
Tags
 
Composition
Blink Stalkers
League
Diamond
Matchup
PvT
Replay Pack
#1B2M-Replays
Spawn Locations
Cross Positions
Add a new tag
Caveats
  • Supply blocks, unpowered buildings, or Contaminate may cause inaccurate times.
  • Supply counts are checked every 10 seconds.